 Dungeon Crawl Stone Soup version 0.23-a0-378-gd7a6ca6 (webtiles) character file.

22707 BingusPrime the Quickloader (level 12, -2/103 HPs)
             Began as a Deep Dwarf Hunter on Oct 27, 2018.
             Was an Elder of Makhleb.
             Killed from afar by a storm dragon (27 damage)
             ... with a bolt of lightning
             ... on level 11 of the Dungeon.
             The game lasted 01:16:46 (15829 turns).

BingusPrime the Quickloader (Deep Dwarf Hunter)    Turns: 15829, Time: 01:16:47

Health: -2/103     AC: 21    Str: 19    XL:     12   Next: 65%
Magic:  4/4        EV: 20    Int: 11    God:    Makhleb [****..]
Gold:   1272       SH: 20    Dex: 23    Spells: 11/11 levels left

rFire    . . .     SeeInvis .   o - +3 war axe
rCold    + . .     Gourm    .   e - +0 shield
rNeg     . . .     Faith    .   K - +4 scale mail
rPois    .         Spirit   .   O - +0 helmet
rElec    .         Reflect  +   r - +1 cloak {MR+}
rCorr    .         Harm     .   U - +2 pair of gloves "Paimos" {*Drain +Fly MR+ Dex+5}
MR       +++..                  S - +0 pair of boots
Stlth    +.........             V - brooch of Shielding {Reflect SH+8}
HPRegen  0.00/turn              C - +6 ring of evasion
MPRegen  0.09/turn              J - ring of protection from cold

@: flying (expiring), non-regenerating
A: damage resistance, heal wounds, slimy green scales 1, agile 1, frail 1, sense
surroundings 2, no regeneration
a: Heal Wounds, Minor Destruction, Lesser Servant of Makhleb, Major Destruction,
Renounce Religion, Stop Flying


You were on level 11 of the Dungeon.
You worshipped Makhleb.
Makhleb was greatly pleased with you.
You were not hungry.

You visited 3 branches of the dungeon, and saw 18 of its levels.

You collected 1272 gold pieces.

Inventory:

Hand Weapons
 a - a +3 hand crossbow
 o - a +3 war axe (weapon)
 D - a +1 hand axe of flaming
Missiles
 k - 4 javelins (quivered)
 E - 16 tomahawks
 W - a throwing net
Armour
 e - a +0 shield (worn)
 r - a +1 cloak of magic resistance (worn)
 K - a +4 scale mail (worn)
 O - a +0 helmet (worn)
 S - a +0 pair of boots (worn)
 U - the +2 pair of gloves "Paimos" (worn) {*Drain +Fly MR+ Dex+5}
   (You found it on level 6 of the Lair of Beasts)

   It affects your dexterity (+5).
   It affects your resistance to hostile enchantments.
   It lets you fly.
   It causes draining when unequipped.
 X - the +0 ring mail of Baovycsuo {rElec rF- rN+++ Str-4}
   (You found it on level 5 of the Lair of Beasts)

   It affects your strength (-4).
   It makes you vulnerable to fire.
   It insulates you from electricity.
   It renders you almost immune to negative energy.
Magical Staves
 i - an uncursed staff of death {unknown}
Jewellery
 c - an uncursed ring of protection from fire
 C - a +6 ring of evasion (left hand)
 J - a ring of protection from cold (right hand)
 L - an uncursed ring of protection from magic
 P - an uncursed ring of protection from fire
 V - the brooch of Shielding (around neck) {Reflect SH+8}
   (You found it on level 5 of the Lair of Beasts)

   [amulet of reflection]

   It shields you and reflects attacks.
   It affects your SH (+8).
Wands
 y - a wand of polymorph (17)
 H - a wand of acid (4)
 I - a wand of iceblast (6)
 N - a wand of random effects (44)
 Q - a wand of disintegration (8)
 R - a wand of enslavement (43)
Scrolls
 b - 2 scrolls of amnesia
 d - a scroll of acquirement {unknown}
 h - a scroll of teleportation
 j - 4 scrolls of magic mapping
 n - 9 scrolls of remove curse
 p - 4 scrolls of blinking
 q - 4 scrolls of immolation
 s - 4 scrolls of enchant weapon
 u - a scroll of fear {unknown}
 G - 2 scrolls of fog
 M - a scroll of torment {unknown}
 T - a scroll of silence {unknown}
 Y - 3 scrolls of identify
Potions
 g - 7 potions of curing
 l - 3 potions of haste
 m - 2 potions of flight
 t - a potion of lignification
 v - 3 potions of brilliance {unknown}
 w - a potion of degeneration {unknown}
 z - a potion of ambrosia {unknown}
 B - 3 potions of cancellation {unknown}
 F - 2 potions of berserk rage {unknown}
Comestibles
 f - 25 rations


   Skills:
 * Level 9.4 Fighting
   Level 0.1 Short Blades
 + Level 7.7 Axes
 * Level 13.4 Crossbows
 + Level 2.7 Throwing
 + Level 5.7 Armour
 + Level 6.6 Dodging
 + Level 2.7 Stealth
 + Level 9.0 Shields
 * Level 6.2 Evocations


You had 11 spell levels left.
You didn't know any spells.
Your spell library contained the following spells:

 Spells                   Type           Power        Failure   Level  Hunger
 Animate Skeleton         Necr           N/A          91%         1    ##.....
 Beastly Appendage        Tmut           #.....       91%         1    ##.....
 Pain                     Necr           #...         91%         1    ##.....
 Sandblast                Erth           #.....       91%         1    ##.....
 Passwall                 Tmut/Erth      #.......     97%         2    ###....
 Sticks to Snakes         Tmut           #.......     97%         2    ###....
 Spider Form              Tmut/Pois      #.........   99%         3    ####...
 Stone Arrow              Conj/Erth      #.....       99%         3    ####...
 Vampiric Draining        Necr           #.........   99%         3    ####...
 Animate Dead             Necr           N/A          100%        4    #####..
 Cause Fear               Hex            #.........   100%        4    #####..
 Ice Form                 Ice/Tmut       #.......     100%        4    #####..
 Petrify                  Tmut/Erth      #.......     100%        4    #####..
 Blade Hands              Tmut           #.........   100%        5    ######.
 Lee's Rapid Deconstruct  Erth           #.........   100%        5    ######.
 Silence                  Hex/Air        #.........   100%        5    ######.
 Yara's Violent Unravell  Hex/Tmut       #.........   100%        5    ######.
 Deflect Missiles         Chrm/Air       #.........   100%        6    #######
 Discord                  Hex            #.........   100%        8    #######
 Regeneration             Chrm/Necr      Unusable     N/A         3    N/A

Dungeon Overview and Level Annotations

Branches:
Dungeon (11/15)            Temple (1/1) D:5            Lair (6/6) D:9
  Swamp (0/4) Lair:4        Snake (0/4) Lair:4        Slime (0/5) Lair:5
    Orc: D:9-12

Altars:
Ashenzari
Cheibriados
Dithmenos
Elyvilon
Fedhas
Gozag
Kikubaaqudgha
Makhleb
Nemelex Xobeh
Okawaru
Ru
Sif Muna
Trog
Uskayaw
Vehumet
Wu Jian
Xom
Yredelemnul
Zin
The Shining One
Jiyva
Lugonu

Annotations:
D:5 1 runed door, smop's ghost, novice GrFi
Lair:1 exclusion: oklob plant


Innate Abilities, Weirdness & Mutations

You are resistant to damage.
You can heal yourself by infusing magical energy.
You passively map the area around you.
You do not regenerate.
You are partially covered in slimy green scales. (AC +2)
You are agile. (Dex +2)
You are frail. (-10% HP)


Message History

Press: ? - help, Shift-Dir - straight line, f/p - storm dragon
Aim: a storm dragon (moderately wounded, catching its breath, covered in acid)
The storm dragon flickers and vanishes!
Deactivating autopickup; reactivate with Ctrl-A.
You hear a roar.
A bolt of lightning appears from out of thin air!
The bolt of lightning misses you.
There is an open door here.
You block something's attack. Something barely misses you.
Something tramples you but does no damage.
Evoke which item? (* to show all) (? for menu, Esc to quit)
Aiming: Random Effects
Press: ? - help, Shift-Dir - straight line Nothing appears to happen.
You block something's attack. Something claws you but does no damage.
Something barely misses you.
You are starting to lose your buoyancy.
You hear a roar.
A bolt of lightning appears from out of thin air!
The bolt of lightning hits you!
You die...

#.......#.....##.....##...#
,,
#.......#.....##)....##...#
#.......#.....'.)....######
, #.......####'###)....# ,,
* #..............#.........
,
#..............+..........,,
#..............########...,,
, #..............# , , ... ,
########.<...@.# , , * +# ,
#.......#,,,, , ,, #.......+
, * ,, #.......#, , , ,
########.......# ** , ,
#..............# , *
#..............# *,
#..............# ,*
#..............#** *


There were no monsters in sight!

Vanquished Creatures
  A two-headed ogre (D:10)
  An unseen horror (D:11)
  Pikel (D:6)
  Maurice (D:8)
  A black mamba (Lair:5)
  4 torpor snails
  6 spiny frogs
  A centaur skeleton (D:11)
  6 komodo dragons
  A polar bear (Lair:3)
  2 trolls
  5 tyrant leeches
  Prince Ribbit (D:6)
  4 hippogriffs
  15 yaks
  2 vampires (D:11)
  A wraith (D:11)
  4 wyverns
  2 basilisks
  A hungry ghost (D:10)
  6 vampire mosquitoes (Lair:4)
  Edmund (D:6)
  Menkaure (D:5)
  A soldier ant (D:11)
  3 swamp worms (Lair:3)
  10 water moccasins
  5 porcupines
  Duvessa (D:5)
  2 phantoms
  2 ice beasts
  5 orc warriors
  2 slaves (D:6)
  A black bear (Lair:4)
  9 wolves
  10 crocodiles
  A centaur (D:10)
  An ogre (D:9)
  Blork the orc (D:5)
  12 bullfrogs
  A gnoll sergeant (D:6)
  A wyvern zombie (D:7)
  Dowan (D:5)
  A scorpion (D:7)
  An electric eel (Lair:4)
  7 wights (D:10)
  3 howler monkeys
  3 crimson imps
  A centaur zombie (D:10)
  A bullfrog zombie (D:10)
  A quasit (D:9)
  5 hounds
  4 bullfrog skeletons
  8 orc priests
  A jelly (D:6)
  Crazy Yiuf (D:2)
  Jessica (D:3)
  2 iguanas (D:6)
  5 worker ants
  13 orc wizards
  4 hell rats (Lair:5)
  A killer bee zombie (D:5)
  A hound skeleton (D:10)
  5 adders
  9 gnolls (D:6)
  A shadow imp (D:9)
  An adder zombie (D:4)
  2 adder skeletons
  5 worms
  3 dart slugs
  8 leopard geckos
  45 orcs
  4 ball pythons
  9 bats
  8 giant cockroaches
  7 goblins
  8 hobgoblins
  9 jackals
  11 quokkas
  7 frilled lizards
  10 kobolds
  2 quokka skeletons
  2 rats
  A bush (D:5)
  6 fungi
  5 plants
369 creatures vanquished.

Vanquished Creatures (others)
  A manticore (D:10)
  4 centaurs
  An adder (D:6)
  4 fungi
  12 plants
  2 withered plants (D:5)
24 creatures vanquished.

Grand Total: 393 creatures vanquished

Notes
Turn   | Place    | Note
-------+----------+-------------------------------------------
     0 | D:1      | BingusPrime the Deep Dwarf Hunter began the quest for the
                  | Orb.
     0 | D:1      | Reached XP level 1. HP: 19/19 MP: 1/1
   186 | D:1      | Reached XP level 2. HP: 26/26 MP: 2/2
   193 | D:1      | Reached skill level 5 in Crossbows
   374 | D:1      | Reached XP level 3. HP: 25/32 MP: 3/3
  1026 | D:2      | Reached XP level 4. HP: 29/39 MP: 4/4
  1100 | D:2      | Found an iron altar of Okawaru.
  1505 | D:2      | Found a runed door.
  1510 | D:2      | Noticed Crazy Yiuf
  1518 | D:2      | HP: 1/39 [Crazy Yiuf/+3 quarterstaff of chaos (4)]
  1521 | D:2      | Killed Crazy Yiuf
  1521 | D:2      | Reached skill level 6 in Crossbows
  1675 | D:3      | Found a hide-covered altar of Uskayaw.
  1904 | D:3      | Reached XP level 5. HP: 43/46 MP: 4/4
  1925 | D:3      | Found a white marble altar of Elyvilon.
  2114 | D:3      | Noticed Jessica
  2115 | D:3      | Killed Jessica
  2122 | D:3      | Identified Jessica's Guide on Stolen Souls
  2314 | D:3      | Reached skill level 7 in Crossbows
  2314 | D:3      | Reached skill level 1 in Armour
  2353 | D:3      | Found a deep blue altar of Sif Muna.
  2468 | D:4      | Reached XP level 6. HP: 43/55 MP: 5/5
  2697 | D:4      | Reached skill level 1 in Shields
  2697 | D:4      | Reached XP level 7. HP: 50/62 MP: 6/6
  2769 | D:4      | Reached skill level 8 in Crossbows
  2826 | D:4      | Found a glowing silver altar of Zin.
  2975 | D:4      | Found a snail-covered altar of Cheibriados.
  3035 | D:4      | Found a basalt altar of Yredelemnul.
  3272 | D:4      | Found a radiant altar of Vehumet.
  3431 | D:5      | Entered Level 5 of the Dungeon
  3436 | D:5      | Noticed Menkaure
  3439 | D:5      | Killed Menkaure
  3439 | D:5      | Reached skill level 9 in Crossbows
  3464 | D:5      | Noticed Blork the orc
  3480 | D:5      | Killed Blork the orc
  3480 | D:5      | Reached XP level 8. HP: 50/72 MP: 5/5
  3501 | D:5      | Noticed Duvessa
  3540 | D:5      | Noticed Dowan
  3547 | D:5      | Killed Dowan
  3550 | D:5      | HP: 2/72 [Duvessa/+2 short sword of electrocution (13)]
  3575 | D:5      | Killed Duvessa
  3673 | D:5      | Found a blossoming altar of Fedhas.
  3686 | D:5      | Reached skill level 10 in Crossbows
  3922 | D:5      | Found a staircase to the Ecumenical Temple.
  3988 | Temple   | Entered the Ecumenical Temple
  4001 | Temple   | Became a worshipper of Makhleb the Destroyer
  4076 | D:5      | Found a runed door.
  4077 | D:5      | Noticed smop's ghost (novice GrFi)
  4297 | D:6      | Noticed Prince Ribbit
  4305 | D:6      | Killed Prince Ribbit
  4347 | D:6      | Reached skill level 5 in Fighting
  4415 | D:6      | Noticed Edmund
  4466 | D:6      | Killed Edmund
  4466 | D:6      | Gained mutation: You passively map the area around you.
                  | [Deep Dwarf growth]
  4466 | D:6      | Reached XP level 9. HP: 36/81 MP: 6/6
  4531 | D:6      | Reached skill level 1 in Axes
  4637 | D:6      | Found a shattered altar of Ashenzari.
  4667 | D:6      | Noticed Pikel
  4686 | D:6      | Killed Pikel
  4686 | D:6      | Reached skill level 11 in Crossbows
  4939 | D:7      | Found an ancient bone altar of Kikubaaqudgha.
  5074 | D:7      | Found an ornate altar of the Wu Jian Council.
  5074 | D:7      | Found a bloodstained altar of Trog.
  5672 | D:7      | Reached * piety under Makhleb
  6110 | D:8      | Noticed Maurice
  6117 | D:8      | Killed Maurice
  6182 | D:8      | Reached XP level 10. HP: 45/92 MP: 6/6
  6717 | D:9      | Reached skill level 5 in Dodging
  7081 | D:9      | Found a staircase to the Lair.
  7118 | D:9      | Reached skill level 12 in Crossbows
  7504 | Lair:1   | Entered Level 1 of the Lair of Beasts
  7507 | Lair:1   | Noticed an oklob plant
  7684 | Lair:1   | Noticed a spiny frog
  7691 | Lair:1   | Killed a spiny frog
  7906 | Lair:1   | Reached skill level 5 in Shields
  8175 | Lair:1   | Reached skill level 1 in Throwing
  8273 | Lair:1   | Noticed a spiny frog
  8279 | Lair:1   | Killed a spiny frog
  8826 | Lair:2   | Reached XP level 11. HP: 63/103 MP: 7/7
  8842 | Lair:2   | Reached ** piety under Makhleb
 10340 | Lair:3   | Reached skill level 5 in Axes
 10985 | Lair:3   | HP: 4/104 [swamp worm (7)]
 10999 | Lair:3   | Reached skill level 1 in Evocations
 11063 | Lair:3   | Gained mutation: You are weak. (Str -2) [potion of
                  | mutation]
 11063 | Lair:3   | Gained mutation: You have a pair of small horns on your
                  | head. [potion of mutation]
 11064 | Lair:3   | Lost mutation: You have a pair of small horns on your head.
                  | [potion of mutation]
 11064 | Lair:3   | Lost mutation: You are weak. (Str -2) [potion of mutation]
 11064 | Lair:3   | Gained mutation: Your mind is acute. (Int +2) [potion of
                  | mutation]
 11064 | Lair:3   | Gained mutation: You possess an exceptional clarity of
                  | mind. [potion of mutation]
 11064 | Lair:3   | Lost mutation: You possess an exceptional clarity of mind.
                  | [potion of mutation]
 11064 | Lair:3   | Gained mutation: Your mind is very acute. (Int +4) [potion
                  | of mutation]
 11065 | Lair:3   | Lost mutation: Your mind is very acute. (Int +4) [potion of
                  | mutation]
 11065 | Lair:3   | Lost mutation: Your mind is acute. (Int +2) [potion of
                  | mutation]
 11065 | Lair:3   | Gained mutation: You are dopey. (Int -2) [potion of
                  | mutation]
 11065 | Lair:3   | Gained mutation: Your flesh is cold resistant. (rC+)
                  | [potion of mutation]
 11066 | Lair:3   | Lost mutation: You are dopey. (Int -2) [potion of mutation]
 11066 | Lair:3   | Lost mutation: Your flesh is cold resistant. (rC+) [potion
                  | of mutation]
 11066 | Lair:3   | Gained mutation: You are agile. (Dex +2) [potion of
                  | mutation]
 11066 | Lair:3   | Gained mutation: You are frail. (-10% HP) [potion of
                  | mutation]
 11066 | Lair:3   | Gained mutation: You are partially covered in slimy green
                  | scales. (AC +2) [potion of mutation]
 11861 | Lair:4   | You fall through a shaft for 2 floors!
 11861 | Lair:6   | Entered Level 6 of the Lair of Beasts
 12101 | Lair:5   | Reached skill level 13 in Crossbows
 12101 | Lair:5   | Reached skill level 5 in Armour
 12225 | Lair:5   | Found a viscous altar of Jiyva.
 12226 | Lair:5   | Found a staircase to the Slime Pits.
 12278 | Lair:5   | Found the brooch of Shielding {Reflect SH+8}
 12606 | Lair:5   | Got a shimmering ring mail
 12617 | Lair:5   | Identified the cursed +0 ring mail of Baovycsuo {rElec rF-
                  | rN+++ Str-4} (You found it on level 5 of the Lair of
                  | Beasts)
 12678 | Lair:6   | Got a pair of fine gloves
 12684 | Lair:6   | Identified the +2 pair of gloves "Paimos" {*Drain +Fly MR+
                  | Dex+5} (You found it on level 6 of the Lair of Beasts)
 12967 | Lair:6   | Found a snail-covered altar of Cheibriados.
 12995 | Lair:6   | Reached XP level 12. HP: 73/102 MP: 3/3
 13103 | Lair:6   | Noticed a death yak
 13691 | Lair:4   | Reached *** piety under Makhleb
 13715 | Lair:4   | Found a staircase to the Swamp.
 13884 | Lair:4   | Found a staircase to the Snake Pit.
 14629 | D:10     | Entered Level 10 of the Dungeon
 14639 | D:10     | Noticed a two-headed ogre
 14650 | D:10     | Killed a two-headed ogre
 14650 | D:10     | Reached skill level 5 in Evocations
 15535 | D:11     | Reached **** piety under Makhleb
 15778 | D:11     | Noticed a seven-headed hydra
 15795 | D:11     | Noticed a storm dragon
 15795 | D:11     | a seven-headed hydra changed into a storm dragon
 15807 | D:11     | HP: 2/103 [storm dragon/bolt of lightning (31)]
 15829 | D:11     | Killed from afar by a storm dragon

Vault maps used:
D:1:      tarquinn_simple_flora_water_e, minmay_tetromino_i4
D:2:      nicolae_overflow_crystal_walls, minmay_cut_off,
          uniq_crazy_yiuf_cottage
D:3:      eat_drink_and_be_merry_uskayaw, elyvilon_altar_3,
          lemuel_coloured_pillars_altar, first_ration, kennysheep_jessica_study
D:4:      kennysheep_mini_moat, kennysheep_little_box, cheibriados_altar_1,
          lemuel_round_altar
D:5:      lemuel_crystal_altar, minmay_temple_entry_steel_oval,
          gammafunk_ghost_grave, minmay_hedge_maze, uniq_menkaure,
          uniq_blork_the_orc, uniq_duvessa
D:6:      cheibrodos_ashenzari_chains, uniq_edmund, uniq_prince_ribbit1,
          uniq_pikel
D:7:      lemuel_crystal_altar, grunt_temple_overflow_open
D:8:      uniq_maurice
D:9:      david_lair_shrubbed
D:11:     grunt_tengu_nest
Temple:   corrupted_temple
Lair:1:   minmay_lair_oklob_chamber
Lair:2:   grunt_forest_small_clearings
Lair:3:   worms_lemuel
Lair:4:   minmay_swamp_entry_swarm, dummy_snake_entry, st_stairs_6,
          grunt_megastairs_4, serial_bayou_shore_a
Lair:5:   slime_altar_1
Lair:6:   due_jungle_book, kennysheep_snail_temple, infiniplex_staircase_pool

Skill      XL: |  1  2  3  4  5  6  7  8  9 10 11 12 |
---------------+-------------------------------------+-----
Crossbows      | 5 6 7 9 10 11 12 13 | 13.4
Fighting       | 2 3 5 6 7 9 |  9.4
Armour         | 1 2 4 5 |  5.7
Shields        | 1 2 4 6 8 9 |  9.0
Dodging        | 3 4 5 6 |  6.6
Stealth        | 2 |  2.7
Axes           | 2 4 6 7 |  7.7
Throwing       | 1 2 |  2.7
Evocations     | 3 6 |  6.2
Short Blades   | |  0.1

Action                   |  1- 3 |  4- 6 |  7- 9 | 10-12 || total
-------------------------+-------+-------+-------+-------++-------
Melee: Short sword       |       |    50 |       |       ||    50
       Hand axe          |       |       |   153 |   377 ||   530
       War axe           |       |       |       |   448 ||   448
 Fire: Hand crossbow     |    84 |   104 |   330 |   395 ||   913
Throw: Javelin           |     5 |     9 |       |    95 ||   109
       Tomahawk          |       |       |       |     5 ||     5
 Abil: Heal Wounds       |       |     3 |    11 |    29 ||    43
       Evoke Flight      |       |       |       |     1 ||     1
Evoke: Wand              |       |       |     4 |    19 ||    23
       Phantom mirror    |       |       |       |     1 ||     1
  Use: Scroll            |       |    10 |     5 |    17 ||    32
       Potion            |       |       |       |    10 ||    10
  Eat: Chunk             |       |     5 |     8 |    20 ||    33
       Ration            |       |       |     1 |     4 ||     5
Armor: Leather armour    |     6 |    17 |     9 |       ||    32
       Scale mail        |       |       |     6 |   222 ||   228
       Skin              |       |       |       |    11 ||    11
Dodge: Dodged            |    11 |    17 |    85 |   588 ||   701
Block: Shield            |     8 |    24 |   115 |   892 ||  1039
       Reflection        |       |     2 |     6 |     5 ||    13

Table legend:
 A = Non-vault XP
 B = Vault XP
 C = Vault XP percentage of total XP
 D = Non-vault monster count
 E = Vault monster count
 F = Vault count percentage of total count
                 A         B        C        D         E       F
            +---------+---------+-------+---------+---------+-------
      Total |   24534 |    7905 |  24.4 |     321 |      39 |  10.8
            +---------+---------+-------+---------+---------+-------
        D:1 |      48 |       3 |   5.9 |      25 |       2 |   7.4
        D:2 |      55 |      41 |  42.7 |      27 |       3 |  10.0
        D:3 |     159 |      39 |  19.7 |      21 |       2 |   8.7
        D:4 |     770 |       0 |   0.0 |      32 |       0 |   0.0
        D:5 |     693 |     479 |  40.9 |      17 |       4 |  19.0
        D:6 |     606 |    1071 |  63.9 |      23 |       3 |  11.5
        D:7 |     693 |       0 |   0.0 |      17 |       0 |   0.0
        D:8 |     644 |     457 |  41.5 |      16 |       1 |   5.9
        D:9 |     976 |     338 |  25.7 |      22 |       1 |   4.3
       D:10 |    4593 |       0 |   0.0 |      38 |       0 |   0.0
       D:11 |    2414 |       0 |   0.0 |      14 |       0 |   0.0
     Lair:1 |    2948 |     294 |   9.1 |      15 |       2 |  11.8
     Lair:2 |    1668 |       0 |   0.0 |      10 |       0 |   0.0
     Lair:3 |    2645 |    2090 |  44.1 |      13 |       8 |  38.1
     Lair:4 |     825 |    1463 |  63.9 |       7 |       9 |  56.2
     Lair:5 |    2352 |       0 |   0.0 |      12 |       0 |   0.0
     Lair:6 |    2445 |    1630 |  40.0 |      12 |       4 |  25.0
            +---------+---------+-------+---------+---------+-------
